 Dungeon Crawl Stone Soup version 0.20.1-1-g8b1a95d (webtiles) character file.

522 Lennu the Slasher (level 7, 58/60 HPs)
             Began as a Pale Draconian Fighter on July 13, 2017.
             Quit the game on level 4 of the Dungeon.
             The game lasted 00:09:11 (5214 turns).

Lennu the Slasher (Pale Draconian Fighter)          Turns: 5214, Time: 00:09:11

Health: 58/60      AC:  6    Str: 18    XL:     7   Next: 1%
Magic:  16/16      EV: 11    Int: 11    God:
Gold:   244        SH:  9    Dex: 13    Spells: 6/6 levels left

rFire    . . .     SeeInvis .   a - +0 long sword
rCold    . . .     Gourm    .   b - +0 shield
rNeg     . . .     Faith    .   (armour unavailable)
rPois    .         Spirit   .   (helmet restricted)
rElec    .         Reflect  .   (no cloak)
rCorr    .         Harm     .   (no gloves)
MR       .....                  (no boots)
Stlth    ++........             (no amulet)
Regen    0.2/turn               t - ring of magical power
MPRegen  0.2/turn               e - +3 ring of intelligence

@: no status effects
A: breathe steam, unfitting armour, cold-blooded, AC +6
a: Breathe Steam


You were on level 4 of the Dungeon.
You were not hungry.

You visited 1 branch of the dungeon, and saw 4 of its levels.

You collected 244 gold pieces.

Inventory:

Hand Weapons
 a - a +0 long sword (weapon)
Armour
 b - a +0 shield (worn)
Jewellery
 e - a +3 ring of intelligence (right hand)
 j - an uncursed ring of ice
 t - a ring of magical power (left hand)
Wands
 u - a wand of disintegration (9/24)
 v - a wand of flame (31/48)
Scrolls
 f - a scroll of identify {unknown}
 g - a scroll of fog {unknown}
 h - 2 scrolls of recharging {unknown}
 i - 3 scrolls of teleportation {unknown}
 m - 2 scrolls of remove curse {unknown}
 o - 4 scrolls of fear {unknown}
 s - a scroll of enchant armour {unknown}
Potions
 c - a potion of might
 k - 2 potions of heal wounds {unknown}
 l - a potion of ambrosia {unknown}
 p - a potion of agility {unknown}
 q - a potion of brilliance
 r - a potion of curing {unknown}
 w - a potion of berserk rage {unknown}
Books
 y - a book of Minor Magic

   Spells                             Type                      Level
   a - Magic Dart                     Conjuration                  1
   b - Blink                          Translocation                2
   c - Call Imp                       Summoning                    2
   d - Slow                           Hexes                        2
   e - Conjure Flame                  Conjuration/Fire             3
   f - Mephitic Cloud                 Conjuration/Poison/Air       3
Comestibles
 d - a bread ration
 n - 3 meat rations
 x - 4 fruits
 z - 3 chunks of flesh


   Skills:
 + Level 4.3 Fighting
 + Level 5.4 Long Blades
 + Level 3.4 Dodging
 + Level 1.0 Stealth
 + Level 4.7 Shields


You had 6 spell levels left.
You didn't know any spells.

Dungeon Overview and Level Annotations

Branches:
Dungeon (4/15)
 Temple: D:4-7

Altars:
Hepliaklqana
Uskayaw
Xom

Shops:
D:4 =


Innate Abilities, Weirdness & Mutations

You can breathe blasts of scalding, opaque steam.
Your pale cyan-grey scales are hard. (AC +6)
You cannot fit into any form of body armour.
You are cold-blooded and may be slowed by cold attacks.


Message History

The crimson imp grinds its teeth.
The crimson imp hits you but does no damage.
Your shield prevents you from hitting the crimson imp.
The crimson imp is lightly wounded.
You block the crimson imp's attack.
You slash the crimson imp!
The crimson imp is severely wounded.
The crimson imp hits you.
You hit the crimson imp.
You kill the crimson imp!
You have reached level 7!
Your scales start taking on a pale cyan-grey colour.
You learn Fire Magic quicker.
You learn Air Magic quicker.
You learn Evocations quicker.
You can breathe blasts of scalding, opaque steam.
Quiver which item? (- for none, * to show all) (? for menu, Esc to quit)
Okay, then.
Are you sure you want to abandon this character and quit the game? (Confirm with "yes".)
Okay, then.
Are you sure you want to abandon this character and quit the game? (Confirm with "yes".)

......###........## #.....##
...#..###.........## #.....## #
..###..#...........# #......####
### #.......####+#####.......∩..
# ##...####.......#..........#
#..## ###._.###.##...##.## #..#
#.......## #....#..# #######..#
####'##### ##..##..# .........##
#..@.....# #...###.#
..........###...###...###... #..
.######.......#####...##.#.#####.
.# #..#....##..^....##..#.###. ##
#..##........#.#..#.....#.. ##
##..###......##............. .#
#...........####...........( .##
##...........###.....#....... ..#
#..........##.#.......#......


There were no monsters in sight!

Vanquished Creatures
  A phantom (D:4)
  A scorpion (D:4)
  3 crimson imps
  A jelly (D:4)
  2 centaur skeletons
  An iguana (D:3)
  Robin (D:2)
  A howler monkey skeleton (D:4)
  6 adders
  A worm (D:4)
  2 dart slugs (D:1)
  4 leopard geckos
  An orc (D:3)
  5 giant cockroaches
  13 goblins
  16 hobgoblins
  4 jackals
  5 kobolds
  3 ball pythons
  12 bats
  5 frilled lizards
  10 rats
98 creatures vanquished.

Notes
Turn   | Place    | Note
-------+----------+-------------------------------------------
     0 | D:1      | Lennu the Draconian Fighter began the quest for the Orb.
     0 | D:1      | Reached XP level 1. HP: 19/19 MP: 1/1
   182 | D:1      | Reached XP level 2. HP: 26/26 MP: 2/2
   692 | D:1      | Reached XP level 3. HP: 30/31 MP: 3/3
   913 | D:2      | Noticed Robin
   930 | D:2      | Killed Robin
   932 | D:2      | Reached skill level 3 in Long Blades
  1598 | D:2      | Reached XP level 4. HP: 13/38 MP: 4/4
  2486 | D:3      | Reached XP level 5. HP: 37/46 MP: 5/5
  2572 | D:3      | Reached skill level 4 in Long Blades
  2652 | D:3      | Found a hide-covered altar of Uskayaw.
  2652 | D:3      | Found a hazy altar of Hepliaklqana.
  3258 | D:4      | Found Qyzenus's Jewellery Boutique.
  4070 | D:4      | Reached XP level 6. HP: 52/52 MP: 6/6
  4255 | D:4      | Reached skill level 1 in Stealth
  5045 | D:4      | Reached skill level 5 in Long Blades
  5196 | D:4      | Found a shimmering altar of Xom.
  5213 | D:4      | Your scales start taking on a pale cyan-grey colour.
  5213 | D:4      | Reached XP level 7. HP: 57/60 MP: 7/7
  5214 | D:4      | Quit the game

Skill      XL: |  1  2  3  4  5  6 |
---------------+-------------------+-----
Long Blades    | 3 4 5 |  5.4
Dodging        | 3 |  3.4
Fighting       | 4 |  4.3
Shields        | 4 |  4.7
Stealth        | 1 |  1.0

Action                   |  1- 3 |  4- 6 |  7- 9 || total
-------------------------+-------+-------+-------++-------
Melee: Long sword        |    98 |   194 |       ||   292
       Tailslap          |     9 |    23 |       ||    32
  Use: Potion            |     3 |       |       ||     3
 Stab: Sleeping          |     2 |     1 |       ||     3
  Eat: Chunk             |     2 |    12 |       ||    14
Armor: Skin              |    41 |    37 |       ||    78
Dodge: Dodged            |    54 |    65 |       ||   119
Block: Shield            |    51 |    99 |       ||   150
       Rpst.: Long sword |    16 |    22 |       ||    38
